AoeStats
← JamesNewstedd

Arena

509591485Analyzed
4v4 RM · 5d ago on Sep 27, 2026· 37m 54s· 8 players
Game mode
Random Map
Map size
Large (8 player)
Population
200
Speed
Normal
Resources
Standard
Victory
Conquest
Starting age
Dark Age
Ending age
Imperial Age
RankedLock teamsTeams togetherTeam positionsShared explorationLock speedFull tech treeHidden civsTurbo modeCheats
Victory
Defeat
🇨🇱 Hindustanis · Chile
1521
+13
🇻🇳 Bohemians · Vietnam
1504
+13
🇲🇽 Cumans · Mexico
1493
+14
🇨🇳 Magyars · China
1487
+14
🇩🇪 Hindustanis · Germany
1607
-19
🇩🇪 Teutons · Germany
1543
-17
🇩🇪 Byzantines · Germany
1391
-11
🇩🇪 Persians · Germany
1253
-7
VX | Obligame Perro!
9:02 Feudal Age
9:50 Double-Bit Axe
11:14 Horse Collar
16:25 Wheelbarrow
21:03 Castle Age
19:26 Gold Mining
19:52 Scale Barding Armor
20:26 Bloodlines
20:50 Forging
20:33 Loom
21:06 Capped Ram
22:11 Chain Barding Armor
23:23 Bow Saw
27:27 Loom
29:47 Gold Shaft Mining
30:26 Hand Cart
31:41 Stone Mining
32:27 Iron Casting
33:36 Scale Mail Armor
32:57 Pikeman
33:38 Squires
38:28 Imperial Age
35:49 Arson
123456
10:41 Feudal Age
12:25 Double-Bit Axe
14:43 Castle Age
13:00 Horse Collar
15:42 Bow Saw
20:08 Heavy Plow
21:27 Gold Mining
23:10 Wheelbarrow
28:24 Imperial Age
25:40 Loom
26:12 Hand Cart
26:02 Stone Mining
27:08 Fletching
28:02 Treadmill Crane
28:44 Ballistics
28:31 Bodkin Arrow
28:37 Padded Archer Armor
29:36 Conscription
30:03 Bracer
30:20 Leather Archer Armor
30:44 Town Watch
32:18 Chemistry
32:19 Hoardings
32:00 Heavy Cavalry Archer
34:35 Recurve Bow
35:30 Ring Archer Armor
35:06 Scale Barding Armor
35:34 Parthian Tactics
35:53 Gold Shaft Mining
36:09 Bloodlines
36:01 Husbandry
36:27 Masonry
35:40 Light Cavalry
36:56 Hussar
yinyangwar
10:38 Feudal Age
11:47 Double-Bit Axe
14:26 Castle Age
12:49 Horse Collar
15:38 Bow Saw
15:35 Heavy Plow
19:14 Heavy Plow
19:59 Wheelbarrow
22:43 Hand Cart
22:52 Gold Mining
26:53 Imperial Age
24:35 Town Watch
24:53 Stone Mining
25:38 Gold Shaft Mining
25:19 Scale Barding Armor
25:27 Forging
26:44 Husbandry
26:55 Bloodlines
27:06 Chain Barding Armor
27:50 Iron Casting
28:32 Plate Barding Armor
28:17 Heavy Camel Rider
30:48 Blast Furnace
29:59 Loom
31:25 Chemistry
30:17 Imperial Camel Rider
32:28 Conscription
32:28 Padded Archer Armor
35:20 Leather Archer Armor
36:38 Ring Archer Armor
36:22 Light Cavalry
36:47 Siege Elephant
9:21 Feudal Age
13:27 Castle Age
11:52 Double-Bit Axe
15:56 Chemistry
17:14 Loom
20:36 Padded Archer Armor
23:42 Wheelbarrow
26:22 Horse Collar
29:23 Leather Archer Armor
30:23 Bow Saw
JamesNewstedd
10:53 Feudal Age
14:30 Castle Age
12:48 Double-Bit Axe
15:22 Bow Saw
15:40 Horse Collar
19:48 Town Watch
21:01 Loom
35:58 Wheelbarrow
37:24 Caravan
105er.DarkSheep
12:04 Feudal Age
13:06 Double-Bit Axe
13:03 Horse Collar
15:33 Castle Age
16:38 Bow Saw
16:30 Heavy Plow
21:53 Gold Mining
23:12 Wheelbarrow
22:47 Stone Mining
24:59 Hand Cart
29:11 Imperial Age
26:27 Loom
27:03 Scale Mail Armor
27:13 Forging
27:38 Pikeman
28:22 Squires
28:20 Gambesons
28:51 Chain Mail Armor
29:11 Iron Casting
30:57 Chemistry
30:15 Fortified Wall
30:55 Plate Mail Armor
31:40 Two-Man Saw
30:36 Elite Varangian Guard
34:59 Fletching
Öl1ng
10:21 Feudal Age
11:37 Double-Bit Axe
11:38 Horse Collar
14:26 Castle Age
15:44 Bow Saw
15:58 Heavy Plow
18:42 Wheelbarrow
17:52 Town Watch
20:06 Gold Mining
22:22 Bloodlines
22:37 Scale Barding Armor
23:55 Forging
24:44 Husbandry
26:33 Chain Barding Armor
28:06 Loom
28:36 Hand Cart
29:02 Iron Casting
31:17 Imperial Age
29:14 Stone Mining
30:01 Gold Shaft Mining
30:53 Grand Trunk Road
31:24 Heavy Camel Rider
32:40 Plate Barding Armor
33:52 Chemistry
34:07 Shatagni
34:21 Padded Archer Armor
34:36 Fletching
36:11 Leather Archer Armor
Itzknixi
10:02 Feudal Age
11:27 Double-Bit Axe
11:41 Horse Collar
12:14 Loom
17:07 Castle Age
18:21 Bow Saw
18:12 Heavy Plow
20:02 Gold Mining
21:27 Wheelbarrow
20:42 Town Watch
25:44 Hand Cart
30:07 Imperial Age
28:21 Town Patrol
28:36 Husbandry
29:33 Bloodlines
29:37 Forging
29:32 Scale Barding Armor
30:44 Gold Shaft Mining
30:12 Cavalier
31:27 Chain Barding Armor
31:43 Iron Casting
31:39 Masonry
32:17 Conscription
32:07 Stone Mining
31:43 Savar
34:16 Plate Barding Armor
34:42 Blast Furnace
Connection lost

Rejoining the realm…

Still unreachable

The connection could not be restored.

Session expired

The server has moved on; the page needs a fresh start.